 Dungeon Crawl Stone Soup version 0.23-a0-607-g760965b (webtiles) character file.

10561 Leeroy the Thaumaturge (level 11, -9/115 HPs)
             Began as a Gnoll Skald on Dec 20, 2018.
             Was a High Priest of Okawaru.
             Splashed by an acid dragon's acid (12 damage)
             ... on level 10 of the Dungeon.
             The game lasted 01:14:30 (12308 turns).

Leeroy the Thaumaturge (Gnoll Skald)               Turns: 12308, Time: 01:14:31

Health: -9/115     AC: 25    Str: 15    XL:     11   Next: 64%
Magic:  2/23       EV:  2    Int: 18    God:    Okawaru [*****.]
Gold:   437        SH: 11    Dex: 19    Spells: 6/26 levels left

rFire    . . .     SeeInvis +   s - +5 short sword (venom)
rCold    . . .     Gourm    .   o - +1 shield
rNeg     + + +     Faith    .   (armour currently unavailable)
rPois    +         Spirit   .   (helmet currently unavailable)
rElec    .         Reflect  .   (cloak currently unavailable)
rCorr    .         Harm     .   (gloves currently unavailable)
MR       .....     NoTele   +   (boots currently unavailable)
Stlth    ++++......             O - amulet of rage
HPRegen  0.29/turn              t - ring of wizardry
MPRegen  0.18/turn              P - +5 ring of dexterity

@: tree-form, shrouded
A: distributed training, see invisible, frail 1, strong nose
a: Heroism, Finesse, Renounce Religion, Evoke Berserk Rage


You were on level 10 of the Dungeon.
You worshipped Okawaru.
Okawaru was extremely pleased with you.
You were hungry.
You were a tree.
You visited 2 branches of the dungeon, and saw 11 of its levels.

You collected 437 gold pieces.

Inventory:

Hand Weapons
 a - a +0 falchion
 k - a +2 dagger of distortion
 m - a +0 blowgun
 s - a +5 short sword of venom (weapon)
 u - the +3 halberd of Esuxupuy {chop, Int+3 Dex+2}
   (You found it on level 4 of the Dungeon)

   It inflicts extra damage upon your enemies.
   It affects your intelligence (+3).
   It affects your dexterity (+2).
 w - a +1 dagger of holy wrath
 A - the +0 dagger "Beetleslayer" {drain, *Corrode +Blink +Fly Dex+7}
   (You found it on level 4 of the Dungeon)

   A truly terrible weapon, it drains the life of those it strikes.
   It affects your dexterity (+7).
   It lets you fly.
   It lets you blink.
   It may corrode you when you take damage.
 B - a +1 vampiric hand axe
 J - a +0 hand crossbow
 L - a +0 longbow
 Y - the +6 dagger of Potifeh {freeze, rN+}
   (You took it off a crimson imp on level 8 of the Dungeon)

   It has been specially enchanted to freeze those struck by it, causing extra
   injury to most foes and up to half again as much damage against particularly
   susceptible opponents.
   It can also slow down cold-blooded creatures.
   It protects you from negative energy.
 Z - a +1 spear of piercing
Missiles
 e - 246 arrows
 j - 58 poisoned needles
 n - 285 stones
 q - 4 throwing nets
 v - 91 bolts
 C - 8 tomahawks (quivered)
 M - a tomahawk of dispersal
 T - 57 sling bullets
 U - 3 silver javelins
Armour
 b - the +5 scale mail of Nosacut (melded) {-Tele rC+ Int+2}
   (You found it on level 4 of the Dungeon)

   It affects your intelligence (+2).
   It protects you from cold.
   It prevents most forms of teleportation.
 i - a +0 pair of boots (melded)
 o - a +1 shield (worn)
 V - a +2 helmet (melded)
 X - a +1 scale mail of cold resistance
Jewellery
 t - a ring of wizardry (left branch)
 F - a +3 ring of intelligence
 G - a +2 ring of evasion
 H - an uncursed ring of ice
 O - an amulet of rage (around neck)
 P - a +5 ring of dexterity (right branch)
Wands
 c - a wand of enslavement (8)
 x - a wand of scattershot (5)
 E - a wand of paralysis (4)
 I - a wand of digging (4)
 Q - a wand of polymorph (6)
 R - a wand of iceblast (12)
 W - a wand of clouds (6)
Scrolls
 f - 2 scrolls of remove curse
 g - a scroll of magic mapping {unknown}
 l - a scroll of fog
 y - a scroll of teleportation {unknown}
 z - a scroll of amnesia
 K - a scroll of identify
 N - a scroll of blinking {unknown}
 S - a scroll of noise {unknown}
Potions
 h - 3 potions of cancellation
 r - a potion of mutation
 D - a potion of flight
Comestibles
 d - 16 rations


   Skills:
 + Level 7.9 Fighting
 + Level 6.3 Short Blades
 + Level 7.9 Long Blades
 + Level 6.3 Axes
 + Level 6.3 Maces & Flails
 + Level 6.3 Polearms
 + Level 6.3 Staves
 + Level 6.3 Slings
 + Level 6.3 Bows
 + Level 6.3 Crossbows
 + Level 6.3 Throwing
 + Level 6.9 Armour
 + Level 7.9 Dodging
 + Level 6.3 Stealth
 + Level 6.3 Shields
 + Level 6.3 Unarmed Combat
 + Level 8.2 Spellcasting
 + Level 5.2 Conjurations
 + Level 5.2 Hexes
 + Level 7.7 Charms
 + Level 5.2 Summonings
 + Level 5.2 Necromancy
 + Level 5.2 Translocations
 + Level 5.2 Transmutations
 + Level 5.2 Fire Magic
 + Level 5.2 Ice Magic
 + Level 5.2 Air Magic
 + Level 5.2 Earth Magic
 + Level 5.2 Poison Magic
 + Level 7.0 Invocations
 + Level 6.3 Evocations


You had 6 spell levels left.
You knew the following spells:

 Your Spells              Type           Power        Failure   Level  Hunger
c - Shroud of Golubria    Chrm/Tloc      ####......   1%          2    None
d - Regeneration          Chrm/Necr      ####......   2%          3    #......
e - Spectral Weapon       Hex/Chrm       ####....     2%          3    #......
f - Mephitic Cloud        Conj/Pois/Air  ####....     4%          3    #......
g - Conjure Flame         Conj/Fire      ####....     4%          3    #......
h - Sticks to Snakes      Tmut           ####....     1%          2    None
i - Throw Icicle          Conj/Ice       ####....     13%         4    ###....

Your spell library contained the following spells:

 Spells                   Type           Power        Failure   Level  Hunger
 Beastly Appendage        Tmut           ####..       1%          1    None
 Freeze                   Ice            ####         1%          1    None
 Infusion                 Chrm           ####         1%          1    None
 Poisonous Vapours        Pois/Air       ####..       1%          2    None
 Song of Slaying          Chrm           #####...     1%          2    None
 Throw Frost              Conj/Ice       ####..       1%          2    None
 Ozocubu's Armour         Chrm/Ice       ####....     2%          3    #......
 Spider Form              Tmut/Pois      ####......   4%          3    #......
 Ice Form                 Ice/Tmut       ####....     13%         4    ###....
 Summon Ice Beast         Ice/Summ       ####....     13%         4    ###....
 Blade Hands              Tmut           ####......   32%         5    #####..
 Freezing Cloud           Conj/Ice/Air   ####......   86%         6    ######.
 Ring of Flames           Chrm/Fire      ####......   99%         7    #######


Dungeon Overview and Level Annotations

Branches:
Dungeon (10/15)            Temple (1/1) D:7
   Lair: D:8-11         Orc: D:9-12

Altars:
Ashenzari
Cheibriados
Dithmenos
Elyvilon
Fedhas
Gozag
Hepliaklqana
Kikubaaqudgha
Makhleb
Nemelex Xobeh
Okawaru
Qazlal
Ru
Sif Muna
Trog
Uskayaw
Vehumet
Wu Jian
Xom
Yredelemnul
Zin
The Shining One

Shops:
D:4 [   D:6 *   D:7 *


Innate Abilities, Weirdness & Mutations

Your experience applies equally to all skills.
((You have very sharp teeth.))
Your uncanny sense of smell can sniff out nearby items.
You have supernaturally acute eyesight. (SInv)
You are frail. (-10% HP)


Message History

The acid dragon bites you but does no damage.
The acid dragon barely misses you.
Okay, then.
Casting: Shroud of Golubria (safe; 1% risk of failure)
Confirm with . or Enter, or press ? or * to list all spells.
Okay, then.
You fail to use your ability.
The yak gores your ball python!
Your ball python dies!
Your shroud bends the acid dragon's attack away.
The acid dragon claws you but does no damage.
Unknown command.
You puncture the yak!
You kill the yak!
Okawaru accepts your kill.
You block the centaur warrior's attack. x2
The acid dragon spits acid at you.
Helpless, you fail to dodge the splash of acid.
* * * LOW HITPOINT WARNING * * *
You are splashed with acid!
The acid burns!
You die...

#..................#
#####..............#
# ###............# #
##...........# #####
##......D..D# ...F##
#....#####.# ###..##
##...#...#.# # ##..#
#...#..†Dc# # ##.#
#...#..♣#.# # #l#
#.. #...#.#
#####.##### #...#.#
#..FYl....# #...#.#
#.#l#.#.#.# #...#.#
#.a.a..... #../#..
#†#.#.#.#.# #...#..
'....?....+ #####
#.#.#.#.#.#


You could see a centaur warrior and an acid dragon.

Vanquished Creatures
  Harold (D:7)
  2 two-headed ogres
  An orc knight (D:10)
  A manticore (D:10)
  Psyche (D:8)
  A kobold demonologist (D:10)
  A jumping spider (shapeshifter) (D:10)
  A troll (D:9)
  2 wyverns (D:10)
  11 yaks
  Eustachio (D:5)
  2 hungry ghosts
  A steam dragon (D:4)
  Duvessa (D:6)
  A phantom (D:10)
  4 orc warriors
  2 ice beasts
  2 sky beasts
  7 ogres
  3 centaurs
  A crocodile (D:10)
  3 big kobolds
  8 bullfrogs
  2 gnoll sergeants (D:9)
  A wyvern zombie (D:9)
  2 scorpions
  Dowan (D:6)
  4 killer bees
  3 howler monkeys
  6 crimson imps
  9 hounds
  A bullfrog skeleton (D:9)
  3 orc wizards
  A quasit (D:8)
  3 centaur skeletons
  5 orc priests
  3 jellies
  2 iguanas
  6 worker ants
  A worker ant zombie (D:9)
  10 gnolls (D:9)
  15 adders
  2 shadow imps (D:7)
  An adder zombie (D:10)
  A worm (D:2)
  A dart slug (D:1)
  9 leopard geckos
  33 orcs
  2 giant cockroaches
  11 hobgoblins
  21 jackals
  19 kobolds
  3 quokkas
  A ball python (D:5)
  8 bats
  8 frilled lizards
  6 goblins
  A jackal skeleton (D:4)
  A leopard gecko zombie (D:5)
  6 rats
270 creatures vanquished.

Vanquished Creatures (collateral kills)
  A leopard gecko (D:10)
1 creature vanquished.

Vanquished Creatures (others)
  A killer bee (D:9)
1 creature vanquished.

Grand Total: 272 creatures vanquished

Notes
Turn   | Place    | Note
-------+----------+-------------------------------------------
     0 | D:1      | Leeroy the Gnoll Skald began the quest for the Orb.
     0 | D:1      | Reached XP level 1. HP: 20/20 MP: 6/6
   262 | D:1      | Reached XP level 2. HP: 11/26 MP: 7/7
   536 | D:1      | Reached XP level 3. HP: 23/31 MP: 9/9
   613 | D:1      | Reached skill level 5 in Spellcasting
  1040 | D:2      | Reached skill level 1 in Invocations
  1303 | D:2      | Reached skill level 1 in Short Blades
  1303 | D:2      | Reached skill level 1 in Axes
  1303 | D:2      | Reached skill level 1 in Maces & Flails
  1303 | D:2      | Reached skill level 1 in Polearms
  1303 | D:2      | Reached skill level 1 in Staves
  1303 | D:2      | Reached skill level 1 in Slings
  1303 | D:2      | Reached skill level 1 in Bows
  1303 | D:2      | Reached skill level 1 in Crossbows
  1303 | D:2      | Reached skill level 1 in Throwing
  1303 | D:2      | Reached skill level 1 in Stealth
  1303 | D:2      | Reached skill level 1 in Shields
  1303 | D:2      | Reached skill level 1 in Unarmed Combat
  1303 | D:2      | Reached skill level 1 in Evocations
  1343 | D:2      | Reached XP level 4. HP: 13/38 MP: 6/11
  1347 | D:2      | Learned a level 2 spell: Song of Slaying
  1350 | D:2      | Learned a level 2 spell: Shroud of Golubria
  1354 | D:2      | Learned a level 3 spell: Regeneration
  1358 | D:2      | Learned a level 3 spell: Spectral Weapon
  1912 | D:3      | Reached skill level 1 in Conjurations
  1912 | D:3      | Reached skill level 1 in Hexes
  1912 | D:3      | Reached skill level 1 in Summonings
  1912 | D:3      | Reached skill level 1 in Necromancy
  1912 | D:3      | Reached skill level 1 in Translocations
  1912 | D:3      | Reached skill level 1 in Transmutations
  1912 | D:3      | Reached skill level 1 in Fire Magic
  1912 | D:3      | Reached skill level 1 in Ice Magic
  1912 | D:3      | Reached skill level 1 in Air Magic
  1912 | D:3      | Reached skill level 1 in Earth Magic
  1912 | D:3      | Reached skill level 1 in Poison Magic
  2157 | D:3      | Reached XP level 5. HP: 37/43 MP: 12/12
  2894 | D:3      | HP: 2/43 [hound (3)]
  2897 | D:3      | Reached XP level 6. HP: 3/50 MP: 13/13
  3279 | D:4      | Found a large runed door.
  3279 | D:4      | Found a large runed door.
  3292 | D:4      | Found a large runed door.
  3292 | D:4      | Found a large runed door.
  3293 | D:4      | Noticed a yak
  3293 | D:4      | Noticed a steam dragon
  3343 | D:4      | Got a smoking dagger
  3344 | D:4      | Identified the cursed +0 dagger "Beetleslayer" {drain,
                  | *Corrode +Blink +Fly Dex+7} (You found it on level 4 of the
                  | Dungeon)
  3431 | D:4      | Reached skill level 5 in Fighting
  3431 | D:4      | Reached skill level 5 in Long Blades
  3431 | D:4      | Reached skill level 5 in Dodging
  3816 | D:4      | Found a bloodstained altar of Trog.
  3819 | D:4      | Found an iron altar of Okawaru.
  3823 | D:4      | Became a worshipper of Warmaster Okawaru
  3827 | D:4      | Found a sacrificial altar of Ru.
  3956 | D:4      | Reached XP level 7. HP: 56/56 MP: 9/15
  4295 | D:4      | Found Bimik's Antique Armour Emporium.
  4489 | D:5      | Entered Level 5 of the Dungeon
  4545 | D:5      | Learned a level 3 spell: Mephitic Cloud
  4549 | D:5      | Learned a level 3 spell: Conjure Flame
  4893 | D:5      | Noticed Eustachio
  4963 | D:5      | Killed Eustachio
  4982 | D:5      | Found a radiant altar of Vehumet.
  5012 | D:5      | Reached * piety under Okawaru
  5012 | D:5      | Reached XP level 8. HP: 55/63 MP: 7/16
  5150 | D:5      | Found a hide-covered altar of Uskayaw.
  5156 | D:5      | Found a glowing golden altar of the Shining One.
  5531 | D:6      | Reached skill level 6 in Spellcasting
  5616 | D:6      | Found Xemogoum's General Store.
  6341 | D:6      | Reached ** piety under Okawaru
  6347 | D:6      | HP: 3/64 [hungry ghost (1)]
  6614 | D:7      | Reached XP level 9. HP: 50/69 MP: 11/18
  6617 | D:7      | Noticed Duvessa
  6623 | D:7      | Noticed Dowan
  6624 | D:7      | Noticed Harold
  6639 | D:6      | Killed Dowan
  6640 | D:6      | Killed Duvessa
  6668 | D:6      | Learned a level 2 spell: Sticks to Snakes
  7072 | D:7      | Killed Harold
  7072 | D:7      | Reached *** piety under Okawaru
  7072 | D:7      | Reached skill level 5 in Armour
  7244 | D:7      | Found Pezew's General Store.
  7330 | D:7      | Found a staircase to the Ecumenical Temple.
  7336 | Temple   | Entered the Ecumenical Temple
  7584 | D:7      | Reached skill level 5 in Invocations
  7779 | D:7      | Received a gift from Okawaru
  8289 | D:8      | Noticed Psyche
  8815 | D:4      | Got a brightly glowing scale mail
  8823 | D:4      | Got a dazzling halberd
  9100 | D:8      | Reached skill level 7 in Spellcasting
  9100 | D:8      | Reached XP level 10. HP: 69/77 MP: 20/20
  9109 | D:8      | You fall through a shaft!
  9254 | D:8      | Identified the cursed +3 halberd of Esuxupuy {chop, Int+3
                  | Dex+2} (You found it on level 4 of the Dungeon)
  9358 | D:8      | Killed Psyche
  9494 | D:8      | Reached skill level 5 in Short Blades
  9494 | D:8      | Reached skill level 5 in Axes
  9494 | D:8      | Reached skill level 5 in Maces & Flails
  9494 | D:8      | Reached skill level 5 in Polearms
  9494 | D:8      | Reached skill level 5 in Staves
  9494 | D:8      | Reached skill level 5 in Slings
  9494 | D:8      | Reached skill level 5 in Bows
  9494 | D:8      | Reached skill level 5 in Crossbows
  9494 | D:8      | Reached skill level 5 in Throwing
  9494 | D:8      | Reached skill level 5 in Stealth
  9494 | D:8      | Reached skill level 5 in Shields
  9494 | D:8      | Reached skill level 5 in Unarmed Combat
  9494 | D:8      | Reached skill level 5 in Evocations
  9513 | D:8      | Learned a level 4 spell: Throw Icicle
  9535 | D:8      | Noticed a two-headed ogre
  9572 | D:8      | Reached **** piety under Okawaru
  9630 | D:8      | Identified the +6 dagger of Potifeh {freeze, rN+}
  9715 | D:8      | Killed a two-headed ogre
  9989 | D:8      | Identified the +5 scale mail of Nosacut {-Tele rC+ Int+2}
                  | (You found it on level 4 of the Dungeon)
 10726 | D:9      | Reached ***** piety under Okawaru
 10762 | D:9      | Noticed a two-headed ogre
 10795 | D:9      | Killed a two-headed ogre
 10795 | D:9      | Received a gift from Okawaru
 10856 | D:8      | Gained mutation: You are frail. (-10% HP) [potion of
                  | mutation]
 10856 | D:8      | Gained mutation: You have supernaturally acute eyesight.
                  | (SInv) [potion of mutation]
 11127 | D:9      | Reached XP level 11. HP: 43/75 MP: 16/22
 11332 | D:9      | Received a gift from Okawaru
 11669 | D:10     | Entered Level 10 of the Dungeon
 11833 | D:10     | Reached skill level 5 in Conjurations
 11833 | D:10     | Reached skill level 5 in Hexes
 11833 | D:10     | Reached skill level 5 in Summonings
 11833 | D:10     | Reached skill level 5 in Necromancy
 11833 | D:10     | Reached skill level 5 in Translocations
 11833 | D:10     | Reached skill level 5 in Transmutations
 11833 | D:10     | Reached skill level 5 in Fire Magic
 11833 | D:10     | Reached skill level 5 in Ice Magic
 11833 | D:10     | Reached skill level 5 in Air Magic
 11833 | D:10     | Reached skill level 5 in Earth Magic
 11833 | D:10     | Reached skill level 5 in Poison Magic
 11844 | D:10     | Received a gift from Okawaru
 11894 | D:10     | Identified the +8 spear "Huimyf" {pierce, rC++}
 11897 | D:10     | Noticed an orc knight
 11926 | D:10     | Killed an orc knight
 11926 | D:10     | Reached skill level 8 in Spellcasting
 12124 | D:10     | Noticed a manticore
 12162 | D:10     | Killed a manticore
 12162 | D:10     | Received a gift from Okawaru
 12200 | D:10     | Noticed a centaur warrior
 12251 | D:10     | Received a gift from Okawaru
 12308 | D:10     | HP: 3/115 [acid dragon/splash of acid (12)]
 12308 | D:10     | Splashed by an acid dragon's acid

Vault maps used:
D:1:      dpeg_arrival_short_road
D:3:      first_ration
D:4:      grunt_temple_overflow_diamond, serial_shops, shop,
          minmay_misc_feat_encased, minmay_hollow_rounded_squares
D:5:      kennysheep_little_box, minitemple, serial_glass, glass_columns_b,
          glass_columns_a, roderic_serpentine_path, uniq_eustachio
D:6:      serial_shops, shop
D:7:      minmay_temple_entry_hall, serial_shops, nicolae_shop_stone,
          corexii_hall_statues_deadend, uniq_duvessa, uniq_harold
D:8:      uniq_psyche
D:10:     minmay_the_grid_plus_closed, grunt_lair_entry_orc_guard_hut
Temple:   eino_temple_rhombus

Skill      XL: |  1  2  3  4  5  6  7  8  9 10 11 |
---------------+----------------------------------+-----
Spellcasting   | 5 6 7 8 |  8.2
Invocations    | 1 2 3 4 5 6 7 |  7.0
Short Blades   | 1 2 3 4 5 6 |  6.3
Axes           | 1 2 3 4 5 6 |  6.3
Maces & Flails | 1 2 3 4 5 6 |  6.3
Polearms       | 1 2 3 4 5 6 |  6.3
Staves         | 1 2 3 4 5 6 |  6.3
Slings         | 1 2 3 4 5 6 |  6.3
Bows           | 1 2 3 4 5 6 |  6.3
Crossbows      | 1 2 3 4 5 6 |  6.3
Throwing       | 1 2 3 4 5 6 |  6.3
Stealth        | 1 2 3 4 5 6 |  6.3
Shields        | 1 2 3 4 5 6 |  6.3
Unarmed Combat | 1 2 3 4 5 6 |  6.3
Evocations     | 1 2 3 4 5 6 |  6.3
Conjurations   | 1 2 3 4 5 |  5.2
Hexes          | 1 2 3 4 5 |  5.2
Summonings     | 1 2 3 4 5 |  5.2
Necromancy     | 1 2 3 4 5 |  5.2
Translocations | 1 2 3 4 5 |  5.2
Transmutations | 1 2 3 4 5 |  5.2
Fire Magic     | 1 2 3 4 5 |  5.2
Ice Magic      | 1 2 3 4 5 |  5.2
Air Magic      | 1 2 3 4 5 |  5.2
Earth Magic    | 1 2 3 4 5 |  5.2
Poison Magic   | 1 2 3 4 5 |  5.2
Armour         | 3 4 5 6 |  6.9
Fighting       | 5 6 7 |  7.9
Long Blades    | 5 6 7 |  7.9
Dodging        | 5 6 7 |  7.9
Charms         | 6 7 |  7.7

Action                   |  1- 3 |  4- 6 |  7- 9 | 10-12 || total
-------------------------+-------+-------+-------+-------++-------
Melee: Falchion          |   104 |   168 |   187 |     9 ||   468
       Bite              |    10 |    19 |    46 |    62 ||   137
       Punch             |       |     1 |     6 |     5 ||    12
       Dagger            |       |    28 |   104 |   130 ||   262
       Flail             |       |    23 |       |       ||    23
       Great mace        |       |       |    11 |       ||    11
       Rapier            |       |       |    43 |    12 ||    55
       Short sword       |       |       |    67 |   271 ||   338
       Halberd           |       |       |       |    24 ||    24
       War axe           |       |       |       |     5 ||     5
 Fire: Longbow           |       |       |     7 |     2 ||     9
Throw: Stone             |       |       |       |    12 ||    12
       Tomahawk          |       |       |       |     6 ||     6
 Cast: Infusion          |     1 |       |       |       ||     1
       Regeneration      |       |     2 |     8 |    12 ||    22
       Spectral Weapon   |       |     3 |     7 |     2 ||    12
       Shroud of Golubri |       |     2 |     7 |     5 ||    14
       Mephitic Cloud    |       |       |    11 |    14 ||    25
       Conjure Flame     |       |       |     6 |    23 ||    29
       Song of Slaying   |       |       |     1 |       ||     1
       Sticks to Snakes  |       |       |     3 |    26 ||    29
       Throw Icicle      |       |       |       |     4 ||     4
Invok: Heroism           |       |       |       |     1 ||     1
  Use: Scroll            |       |     3 |     6 |    18 ||    27
       Potion            |       |       |     6 |     5 ||    11
 Stab: Sleeping          |       |     2 |       |     2 ||     4
       Confused          |       |       |     6 |     7 ||    13
       Distracted        |       |       |     2 |       ||     2
  Eat: Chunk             |     1 |    10 |    11 |     5 ||    27
       Ration            |       |       |     6 |     2 ||     8
Armor: Leather armour    |    19 |    14 |       |       ||    33
       Chain mail        |       |   172 |       |       ||   172
       Scale mail        |       |    15 |   172 |   230 ||   417
       Skin              |       |       |       |     7 ||     7
Dodge: Dodged            |    76 |   168 |   341 |   425 ||  1010
Block: Shield            |       |       |       |   134 ||   134
       Rpst.: Falchion   |    24 |    47 |    69 |     4 ||   144

Table legend:
 A = Non-vault XP
 B = Vault XP
 C = Vault XP percentage of total XP
 D = Non-vault monster count
 E = Vault monster count
 F = Vault count percentage of total count
                 A         B        C        D         E       F
            +---------+---------+-------+---------+---------+-------
      Total |    9566 |    5522 |  36.6 |     243 |      29 |  10.7
            +---------+---------+-------+---------+---------+-------
        D:1 |      43 |       0 |   0.0 |      24 |       0 |   0.0
        D:2 |      83 |       0 |   0.0 |      14 |       0 |   0.0
        D:3 |     159 |       0 |   0.0 |      31 |       0 |   0.0
        D:4 |     461 |     413 |  47.3 |      20 |       6 |  23.1
        D:5 |     450 |     196 |  30.3 |      14 |       1 |   6.7
        D:6 |     903 |     216 |  19.3 |      36 |       2 |   5.3
        D:7 |     717 |     969 |  57.5 |      27 |       1 |   3.6
        D:8 |    2284 |     378 |  14.2 |      22 |       1 |   4.3
        D:9 |    3708 |     206 |   5.3 |      41 |       1 |   2.4
       D:10 |     758 |    3144 |  80.6 |      14 |      17 |  54.8
            +---------+---------+-------+---------+---------+-------
